 Dungeon Crawl Stone Soup version 0.26-a0-651-gb41185065b (webtiles) character file.

Game seed: 5826627720014620487

152 Flugslaktarn the Shield-Bearer (level 5, 0/49 HPs)
             Began as a Deep Dwarf Fighter on Oct 27, 2020.
             Killed from afar by an orc wizard (3 damage)
             ... with a magic dart
             ... on level 4 of the Dungeon.
             The game lasted 00:00:43 (733 turns).

Flugslaktarn the Shield-Bearer (Deep Dwarf Fighter)  Turns: 733, Time: 00:00:43

Health: 0/49       AC:  8    Str: 21    XL:     5   Next: 11%
Magic:  5/5        EV:  7    Int:  8    God:
Gold:   40         SH:  0    Dex: 12    Spells: 4/4 levels left

rFire    + . .     SeeInvis .   a - +0 war axe
rCold    + . .     Faith    .   c - +0 kite shield
rNeg     . . .     Spirit   .   b - +0 scale mail
rPois    +         Reflect  .   (no helmet)
rElec    +         Harm     .   k - +0 cloak
rCorr    +         Rampage  .   (no gloves)
MR       .....                  (no boots)
Stlth    ..........             (no amulet)
HPRegen  0.00/turn              (no ring)
MPRegen  0.09/turn              (no ring)

@: confused, resistant, flying, non-regenerating
A: damage resistance, heal wounds, sense surroundings 1, no regeneration
a: Heal Wounds


You were on level 4 of the Dungeon.
You visited 1 branch of the dungeon, and saw 4 of its levels.

You collected 40 gold pieces.

Inventory:

Hand Weapons
 a - a +0 war axe (weapon)
Armour
 b - a +0 scale mail (worn)
 c - a +0 kite shield (worn)
 k - a +0 cloak (worn)
   (You found it on level 2 of the Dungeon)
Jewellery
 s - an uncursed ring of stealth {unknown}
   (You found it on level 4 of the Dungeon)
Wands
 g - a wand of digging (8)
   (You found it on level 2 of the Dungeon)
Scrolls
 e - 2 scrolls of identify {unknown}
 f - a scroll of amnesia {unknown}
 h - a scroll of blinking {unknown}
 i - 2 scrolls of remove curse {unknown}
 m - 3 scrolls of random uselessness {unknown}
 o - a scroll of teleportation {unknown}
 q - a scroll of noise {unknown}
 r - a scroll of enchant weapon {unknown}
Potions
 d - a potion of might
 l - a potion of heal wounds {unknown}
 n - a potion of resistance
 p - a potion of lignification {unknown}


   Skills:
 + Level 3.3 Fighting
 * Level 4.1 Axes
 + Level 4.1 Armour
 + Level 4.1 Shields


You had 4 spell levels left.
You didn't know any spells.
Your spell library was empty.

Dungeon Overview and Level Annotations

Branches:
Dungeon (4/15)
 Temple: D:4-7

Altars:


Innate Abilities, Weirdness & Mutations

You are resistant to damage.
You can heal yourself by infusing magical energy.
You passively map a small area around you.
You do not regenerate.


Message History

Beogh smites you!
* * * LOW HITPOINT WARNING * * *
The orc wizard barely misses you.
You're too confused!
You're too confused!
Unknown command.
It was a potion of resistance.
You feel protected.
n - a potion of resistance;
q - a scroll labeled RESTEELU ZEAGE The orc priest casts a cantrip, but nothing happens.
The orc wizard points at you and mumbles some strange words.
The puff of flame hits you but does no damage.
You resist.
Unknown command.
It was a potion of flight.
You feel very buoyant.
You fly up into the air.
The orc wizard gestures at you while chanting.
The magic dart hits you.
You die...

#...+....#
#............# #.#
#...#...##
**############## #.#
#...#...# , , ...#
#.# ,.....
##########.#######.#
, *,
#.................(#
#
#.####.#.#.#########
, *, #..#.#.# * , *
#.##.#.# * ,* ,
#@##.#.# ,,*
#o##.#.# , oo...#.#
##...# , .#.####.# *
##...# #.#.. ##...#
* ,* # ##. , *
##...# * . , ,
.#...# , ,,* ## *
.#...# , , .#


You could see an orc priest, an orc wizard and an orc.

Vanquished Creatures
  A bullfrog skeleton (D:4)
  An orc wizard (D:4)
  3 adders (D:2)
  An ooze (D:2)
  4 dart slugs
  2 leopard geckos
  7 orcs
  2 bats
  3 giant cockroaches
  5 goblins
  6 hobgoblins
  A frilled lizard (D:2)
  7 kobolds
  4 rats
47 creatures vanquished.

Notes
Turn   | Place    | Note
-------+----------+-------------------------------------------
     0 | D:1      | Flugslaktarn the Deep Dwarf Fighter began the quest for the
                  | Orb.
     0 | D:1      | Reached XP level 1. HP: 20/20 MP: 1/1
   124 | D:1      | Reached XP level 2. HP: 27/27 MP: 2/2
   199 | D:1      | Reached XP level 3. HP: 25/33 MP: 3/3
   410 | D:2      | Reached XP level 4. HP: 20/42 MP: 4/4
   677 | D:4      | Reached XP level 5. HP: 27/49 MP: 5/5
   733 | D:4      | Killed from afar by an orc wizard

Illustrated notes

Levels and vault maps discovered:
D:1:      dpeg_arrival_morbid_curiosity, layout_loops_ring
D:2:      layout_basic, okawaru_trees_1
D:3:      minmay_chambers_of_threes, layout_basic,
          nicolae_overflow_crystal_walls, eat_drink_and_be_merry_uskayaw,
          lemuel_doored_altar
D:4:      layout_basic, nicolae_overflow_hidden_temple, lemuel_round_altar

Skill      XL: |  1  2  3  4 |
---------------+-------------+-----
Axes           | 3 4 |  4.1
Fighting       | 3 |  3.3
Armour         | 4 |  4.1
Shields        | 4 |  4.1

Action                   |  1- 3 |  4- 6 || total
-------------------------+-------+-------++-------
Melee: War axe           |    91 |    52 ||   143
 Abil: Heal Wounds       |       |     2 ||     2
  Use: Potion            |       |     2 ||     2
Armor: Scale mail        |    51 |    27 ||    78
Dodge: Dodged            |    39 |     9 ||    48
Block: Kite shield       |    65 |    29 ||    94

Table legend: (Time is in decaauts)
 A = Elapsed time spent in this place.
 B = Non-inter-level travel time spent in this place.
 C = Inter-level travel time spent in this place.
 D = Time resting spent in this place.
 E = Time spent auto-exploring this place.
 F = Levels seen in this place.
 G = Mean time per level.
                   A        B        C        D        E       F      G
               +--------+--------+--------+--------+--------+-----+--------+
         Total |    795 |    763 |     32 |      0 |    431 |   4 |  198.8 |
       Dungeon |    795 |    763 |     32 |      0 |    431 |   4 |  198.8 |
               +--------+--------+--------+--------+--------+-----+--------+

Top non-repeatable levels by time:
     D:2: 259 daAuts
     D:4: 256 daAuts
     D:1: 255 daAuts
     D:3: 24 daAuts
